cohdb
Replays
Latest Replays
All Replays
Popular Replays
Top Player Replays
Match Explorer
How It Works
Community
CoH3 Stats
Reddit
Sign in to upload your games and track your stats! →
Sign in with Steam
Match 43125539
Unlisted
Match 43125539
Overview
Messages
Build Orders
End
Construct Barracks
Selects Heavy Weapons
Engineer Squad
Riflemen Squad
M1 Mortar Team
Riflemen Squad
Infantry Support Center
Selects Assault Carriers
Engineer Squad
woof_raff
Rampart Basilone
TTVFlekz127
SORN E.
0
0
Comments
sign in to comment!
No comments posted yet!